 Dungeon Crawl Stone Soup version 0.22.0-35-ge4bf2f5f59 (webtiles) character file.

989 Loge the Ruffian (level 7, -8/71 HPs)
             Began as a Troll Monk on Aug 23, 2018.
             Mangled by an orc warrior
             ... wielding a +0 glaive
              (24 damage)
             ... on level 5 of the Dungeon.
             The game lasted 00:11:05 (3345 turns).

Loge the Ruffian (Troll Monk)                       Turns: 3345, Time: 00:11:06

Health: -8/71      AC:  5    Str: 20    XL:     7   Next: 98%
Magic:  6/6        EV:  9    Int:  6    God:
Gold:   277        SH: 10    Dex: 14    Spells: 6/6 levels left

rFire    . . .     SeeInvis +     - Unarmed
rCold    . . .     Gourm    +   h - +1 shield
rNeg     . . .     Faith    .   a - +0 robe
rPois    .         Spirit   .   (helmet restricted)
rElec    .         Reflect  .   f - scarf {repulsion}
rCorr    .         Harm     .   (gloves unavailable)
MR       .....                  (boots unavailable)
Stlth    ++........             (no amulet)
HPRegen  0.61/turn              k - ring of see invisible
MPRegen  0.10/turn              v - ring of flight

@: repel missiles
A: large, unfitting armour, claws 3, fast metabolism 3, gourmand, regeneration
1, shaggy fur 1, tough skin 2
a: Evoke Flight


You were on level 5 of the Dungeon.
You were very full.

You visited 1 branch of the dungeon, and saw 6 of its levels.

You collected 277 gold pieces.

Inventory:

Missiles
 w - 4 large rocks (quivered)
Armour
 a - a +0 robe (worn)
 f - a scarf of repulsion (worn)
 h - a +1 shield (worn)
Jewellery
 k - a ring of see invisible (left claw)
 v - a ring of flight (right claw)
Wands
 q - a wand of paralysis (11)
 x - a wand of acid (8)
Scrolls
 c - 5 scrolls of remove curse
 e - 2 scrolls of fog {unknown}
 g - a scroll of enchant weapon {unknown}
 j - a scroll of noise {unknown}
 n - 2 scrolls of teleportation
 o - 3 scrolls of enchant armour
 r - a scroll of fear {unknown}
 t - a scroll of blinking {unknown}
Potions
 d - a potion of flight
 l - 2 potions of curing
 m - a potion of heal wounds {unknown}
 p - a potion of mutation {unknown}
 s - a potion of might
 u - a potion of agility {unknown}
Comestibles
 b - 20 rations


   Skills:
 + Level 4.5 Fighting
 - Level 2.4 Dodging
 - Level 1.0 Stealth
 + Level 3.4 Shields
 * Level 7.3 Unarmed Combat


You had 6 spell levels left.
You didn't know any spells.
Your spell library contained the following spells:

 Spells                   Type           Power        Failure   Level  Hunger
 Corona                   Hex            #......      86%         1    ##.....
 Ensorcelled Hibernation  Hex/Ice        #.....       94%         2    ###....
 Confuse                  Hex            #.......     99%         3    ####...
 Dazzling Spray           Conj/Hex       #.....       99%         3    ####...
 Tukima's Dance           Hex            #.......     99%         3    ####...


Dungeon Overview and Level Annotations

Branches:
Dungeon (6/15)
 Temple: D:4-7

Altars:
Elyvilon
Qazlal
Zin
The Shining One

Annotations:
D:6 Menkaure


Innate Abilities, Weirdness & Mutations

You are too large for most types of armour.
You have claws for hands.
Your metabolism is lightning-fast.
You like to eat raw meat.
Your natural rate of healing is unusually fast.
You are covered in fur. (AC +1)
You have very tough skin. (AC +2)


Message History

The worker ant zombie bites you.
You see here a whip.
The worker ant zombie barely misses you.
You barely miss the worker ant zombie.
The worker ant zombie is almost destroyed.
The orc warrior hits you from afar with a glaive.
The worker ant zombie bites you but does no damage.
You scratch the worker ant zombie but do no damage.
The worker ant zombie is almost destroyed.
You block the worker ant zombie's attack.
The orc warrior hits you from afar with a glaive!
You block the worker ant zombie's attack.
The orc warrior hits you from afar with a glaive!!
* * * LOW HITPOINT WARNING * * *
The worker ant zombie waves its antennae.
There is a stone staircase leading up here.
You claw the worker ant zombie!
You destroy the worker ant zombie!
The orc warrior hits you from afar with a glaive!!
You die...

..(.......##.....######..###..#
.....)..........## #.###...###
..........##..### ###o###.#....
..............# #...##..#####
...........##.# #.#.#..##
........##.##.### ##.#....#
.......##..##.o.##
#..###.)#####
..####....#####..#
#.####......## .###...####
##@###.# #..####... .# #..##
#.....###)## ###. .# #..#
####.###..# ## .###..#
#..#...## .#....# ###..#.#####
..<##.# ##..........#######
.###..# ##............##.... .#
#.## #..............#.### ##
#.# #................#


You could see an orc warrior.

Vanquished Creatures
  A sky beast (D:6)
  An ice beast (D:5)
  An ogre (D:5)
  A phantom (D:5)
  A scorpion (D:6)
  A crimson imp (D:5)
  A bullfrog zombie (D:5)
  2 orc wizards (D:3)
  3 orc priests
  A centaur skeleton (D:5)
  2 iguanas (D:5)
  4 worker ants
  A worker ant zombie (D:5)
  6 adders
  An ooze (D:6)
  A worm (D:2)
  3 dart slugs
  4 leopard geckos
  15 orcs
  A ball python (D:1)
  7 giant cockroaches
  6 goblins
  9 hobgoblins
  14 jackals
  7 kobolds
  2 quokkas
  7 bats
  3 frilled lizards
  5 rats
111 creatures vanquished.

Notes
Turn   | Place    | Note
-------+----------+-------------------------------------------
     0 | D:1      | Loge the Troll Monk began the quest for the Orb.
     0 | D:1      | Reached XP level 1. HP: 22/22 MP: 0/0
   132 | D:1      | Reached XP level 2. HP: 29/29 MP: 1/1
   713 | D:2      | Reached XP level 3. HP: 36/36 MP: 2/2
   824 | D:2      | Reached skill level 4 in Unarmed Combat
  1243 | D:3      | Reached XP level 4. HP: 42/44 MP: 3/3
  1252 | D:3      | Reached skill level 1 in Shields
  1361 | D:3      | Found a white marble altar of Elyvilon.
  1380 | D:3      | Reached XP level 5. HP: 34/53 MP: 4/4
  1550 | D:3      | Found a glowing silver altar of Zin.
  1661 | D:3      | Found a glowing golden altar of the Shining One.
  1684 | D:3      | Reached skill level 5 in Unarmed Combat
  2212 | D:5      | Entered Level 5 of the Dungeon
  2311 | D:5      | Reached XP level 6. HP: 31/61 MP: 5/5
  2472 | D:5      | Reached skill level 6 in Unarmed Combat
  2528 | D:5      | Reached XP level 7. HP: 64/70 MP: 6/6
  2899 | D:6      | Reached skill level 7 in Unarmed Combat
  3001 | D:6      | Found a stormy altar of Qazlal.
  3004 | D:6      | Noticed Menkaure
  3322 | D:5      | HP: 2/71 [orc warrior/glaive (23)]
  3345 | D:5      | Mangled by an orc warrior

Skill      XL: |  1  2  3  4  5  6  7 |
---------------+----------------------+-----
Unarmed Combat | 4 5 6 7 |  7.3
Fighting       | 3 4 |  4.5
Shields        | 1 2 3 |  3.4
Dodging        | |  2.4
Stealth        | |  1.0

Action                   |  1- 3 |  4- 6 |  7- 9 || total
-------------------------+-------+-------+-------++-------
Melee: Unarmed           |   107 |   166 |    64 ||   337
  Use: Scroll            |       |     5 |     2 ||     7
 Stab: Sleeping          |     3 |     2 |       ||     5
  Eat: Chunk             |    17 |    12 |     7 ||    36
Armor: Robe              |    31 |    49 |    10 ||    90
Dodge: Dodged            |    34 |    62 |    20 ||   116
       Deflected         |       |       |     1 ||     1
Block: Shield            |    41 |    67 |    28 ||   136
